 Dungeon Crawl Stone Soup version 0.30-a0-568-g124715a40b (webtiles) character file.

Game seed: 3543580575034891366

725 arthad the Digger (level 7, -3/40 HPs)
             Began as a Gargoyle Earth Elementalist on Dec 29, 2022.
             Slain by an ice beast (4 damage)
             ... on level 5 of the Dungeon.
             The game lasted 00:07:00 (4425 turns).

arthad the Digger (Gargoyle Earth Elementalist)     Turns: 4425, Time: 00:07:00

Health: -3/40      AC: 10    Str: 11    XL:     7   Next: 72%
Magic:  7/12       EV: 11    Int: 18    God:
Gold:   204        SH:  0    Dex:  5    Spells: 8/13 levels left

rFire   + + +      SeeInvis .    p - +5 trident of the Crawling Thing {drain, rElec rPois rF+++ Dex-5}
rCold   . . .      Faith    .    (no shield)
rNeg    + . .      Spirit   .    n - +1 leather armour of Activism {+Inv rElec}
rPois   ∞          Reflect  .    (no helmet)
rElec   +          Harm     .    g - +1 cloak {Will+}
rCorr   .          Rampage  .    (no gloves)
Will    +....                    (no boots)
Stlth   ++                       (no amulet)
HPRegen 0.26/turn                (no ring)
MPRegen 0.13/turn                (no ring)

@: very slightly contaminated, invisible
A: sickness immunity, AC +4, negative energy resistance 1, electricity
resistance, torment resistance 1, petrification resistance
a: Evoke Invisibility


You were on level 5 of the Dungeon.
You visited 1 branch of the dungeon, and saw 5 of its levels.

You collected 204 gold pieces.

Inventory:

Hand Weapons
 f - a +4 quarterstaff of chaos
 j - a +0 executioner's axe
 p - the +5 trident of the Crawling Thing (weapon) {drain, rElec rPois rF+++ Dex-5}
   (You found it on level 4 of the Dungeon)

   A truly terrible weapon, it drains the life of any living foe it strikes.
   Dex:       It affects your dexterity (-5).
   rF:        It renders you almost immune to fire.
   rElec:     It insulates you from electricity.
   rPois:     It protects you from poison.
Missiles
 r - 2 poisoned darts
Armour
 a - a +0 robe
 g - a +1 cloak of willpower (worn)
 n - the +1 leather armour of Activism (worn) {+Inv rElec}
   (You found it on level 3 of the Dungeon)

   rElec:     It insulates you from electricity.
   +Inv:      It lets you turn invisible.
Wands
 t - a wand of paralysis (7)
Scrolls
 e - 5 scrolls of identify
 h - a scroll of enchant armour
 k - 2 scrolls of teleportation {unknown}
 q - a scroll of poison
 s - a scroll of fear {unknown}
Potions
 b - a potion of magic
 c - a potion of attraction
 d - a potion of berserk rage {unknown}
 i - 2 potions of lignification {unknown}
 l - a potion of curing {unknown}
 m - a potion of degeneration {unknown}
 o - a potion of invisibility


   Skills:
 + Level 2.0 Fighting
 + Level 1.6 Axes
 + Level 2.5 Dodging
 * Level 4.8 Stealth
 * Level 3.6 Spellcasting
 * Level 2.8 Conjurations
 + Level 2.0 Transmutations
 * Level 5.4 Earth Magic


You had 8 spell levels left.
You knew the following spells:

 Your Spells              Type           Power      Damage    Failure   Level
a - Sandblast             Erth           44%        2d11      2%          1
b - Stone Arrow           Conj/Erth      36%        3d9       11%         3
c - Magic Dart            Conj           52%        1d5       6%          1

Your spell library contained the following spells:

 Spells                   Type           Power      Damage    Failure   Level
 Passwall                 Tmut/Erth      13%        N/A       6%          2
 Call Imp                 Summ           3%         N/A       30%         2
 Mephitic Cloud           Conj/Pois/Air  6%         N/A       38%         3
 Petrify                  Tmut/Erth      16%        N/A       38%         4


Dungeon Overview and Level Annotations

Branches:
Dungeon (5/15)
 Temple: D:4-7

Altars:
Elyvilon
Yredelemnul

Shops:
D:1 *


Innate Abilities, Weirdness & Mutations

You are immune to sickness and miasma.
Your stone body is resilient. (AC +4)
You are immune to poison.
You resist negative energy. (rN+)
You are resistant to electric shocks. (rElec)
You are resistant to unholy torment.
You are immune to petrification.


Message History

The blast of sand hits the ice beast.
The ice beast is lightly wounded.
The blast of sand hits the ice beast but does no damage.
The ice beast is lightly wounded.
The ice beast hits you. The ice beast freezes you!
The blast of sand hits the ice beast!
The ice beast is moderately wounded.
The ice beast hits you but does no damage.
The ice beast misses you.
The blast of sand hits the ice beast.
The ice beast is severely wounded.
The ice beast hits you. The ice beast freezes you!
You are too injured to fight recklessly!
You are too injured to fight recklessly!
You are too injured to fight recklessly!
Aiming: Sandblast (safe; 2% risk of failure)
Press: ? - help, Q - select action, (/) - cycle Shift-Dir - straight line, f/p - ice beast
Aim: an ice beast (severely wounded, 83% to hit)
The blast of sand hits the ice beast but does no damage.
The ice beast is severely wounded.
The ice beast hits you but does no damage.
The ice beast closely misses you.
Aiming: Sandblast (safe; 2% risk of failure)
Press: ? - help, Q - select action, (/) - cycle Shift-Dir - straight line, f/p - ice beast
Aim: an ice beast (severely wounded, 83% to hit)
You miscast Sandblast.
You are very lightly contaminated with residual magic.
Nothing appears to happen.
The ice beast hits you. The ice beast freezes you!
* * * LOW HITPOINT WARNING * * *
You hit the ice beast.
The ice beast is almost dead.
The ice beast hits you.
* * * LOW HITPOINT WARNING * * *
The ice beast freezes you.
* * * LOW HITPOINT WARNING * * *
It was a potion of invisibility.
You fade into invisibility!
The ice beast hits you.
You die...

..)).#.#.#####.## #...#
....##.#.##.##... #...#
.......#.##.. ..# #..†#
.......#.##.# #.# #...#
.........##.###.# #...#
................## #####
#.........#####..##
#.........######..#.####
'.........+.....@.......
#.........##....Y...####
#.........##........#
#.........##........#
#.........##........#
########## #.<......#
#........# #........#


You could see an ice beast (unable to see you).

Vanquished Creatures
  A water moccasin (D:5)
  A black bear (D:4)
  An ogre (D:4)
  A kobold brigand (D:4)
  A scorpion (D:5)
  2 hounds
  Crazy Yiuf (D:2)
  An iguana (D:4)
  2 orc wizards (D:5)
  5 adders
  A white imp (D:5)
  An ufetubus (D:4)
  4 worms
  6 dart slugs
  3 orcs
  A bat (D:1)
  7 endoplasms
  2 giant cockroaches (D:3)
  6 goblins
  5 hobgoblins
  3 jackals (D:2)
  9 kobolds
  3 quokkas
  5 ball pythons
  5 frilled lizards (D:3)
  4 rats
81 creatures vanquished.

Notes
Turn   | Place    | Note
-------+----------+-------------------------------------------
     0 | D:1      | arthad the Gargoyle Earth Elementalist began the quest for
                  | the Orb.
     0 | D:1      | Reached XP level 1. HP: 10/10 MP: 3/3
    15 | D:1      | Found Qabuobb Zeni's General Store.
   168 | D:1      | Reached XP level 2. HP: 15/15 MP: 0/5
   446 | D:1      | Reached skill level 1 in Transmutations
   476 | D:1      | Reached skill level 4 in Earth Magic
   554 | D:1      | Reached XP level 3. HP: 19/19 MP: 2/6
  1092 | D:2      | Found a runed translucent door.
  1093 | D:2      | Noticed Crazy Yiuf
  1349 | D:2      | Reached XP level 4. HP: 19/24 MP: 4/7
  1767 | D:2      | Learned a level 3 spell: Stone Arrow
  1769 | D:2      | Learned a level 1 spell: Magic Dart
  1772 | D:2      | Killed Crazy Yiuf
  2126 | D:3      | Reached XP level 5. HP: 28/28 MP: 6/9
  2586 | D:3      | Identified the +1 leather armour of Activism {+Inv rElec}
  2908 | D:4      | Reached skill level 1 in Conjurations
  2938 | D:4      | Identified the +5 trident of the Crawling Thing {drain,
                  | rElec rPois rF+++ Dex-5}
  3431 | D:4      | Noticed an ogre
  3434 | D:4      | Killed an ogre
  3435 | D:4      | Reached skill level 1 in Fighting
  3435 | D:4      | Reached XP level 6. HP: 34/34 MP: 7/10
  3507 | D:4      | Noticed a black bear
  3509 | D:4      | Reached skill level 1 in Axes
  3512 | D:4      | Killed a black bear
  3513 | D:4      | Reached skill level 5 in Earth Magic
  3763 | D:4      | Found a white marble altar of Elyvilon.
  3859 | D:4      | Reached XP level 7. HP: 38/38 MP: 7/12
  4074 | D:5      | Entered Level 5 of the Dungeon
  4117 | D:5      | Found a basalt altar of Yredelemnul.
  4424 | D:5      | HP: 1/40 [ice beast (5)]
  4425 | D:5      | Slain by an ice beast

Illustrated notes

Levels and vault maps discovered:
D:1:      lightli_arrival_chessboard, layout_loops_ring, serial_shops,
          nicolae_shop_temple_entry_statues_fountains
D:2:      layout_loops_ring, uniq_crazy_yiuf_cottage
D:3:      layout_basic, chequers_serial_rivers_small_b
D:4:      layout_loops_corners, mainiacjoe_overflow_alcove_1,
          minmay_misc_feat_chi
D:5:      layout_basic, yredelemnul_altar_generic, dk_vineyard_2

Skill      XL: |  1  2  3  4  5  6  7 |
---------------+----------------------+-----
Transmutations | 1 2 |  2.0
Earth Magic    | 4 5 |  5.4
Stealth        | 3 4 |  4.8
Dodging        | 2 |  2.5
Conjurations   | 1 2 |  2.8
Fighting       | 1 2 |  2.0
Spellcasting   | 3 |  3.6
Axes           | 1 |  1.6

Action                   |  1- 3 |  4- 6 |  7- 9 || total
-------------------------+-------+-------+-------++-------
Melee: Unarmed           |     8 |       |       ||     8
       Trident           |       |       |     5 ||     5
 Cast: Sandblast         |    43 |    68 |    25 ||   136
  Use: Scroll            |     6 |     1 |       ||     7
       Potion            |       |       |     1 ||     1
Armor: Robe              |     2 |     3 |       ||     5
       Leather armour    |       |     6 |    15 ||    21
Dodge: Dodged            |     8 |    16 |    13 ||    37

Table legend: (Time is in decaauts)
 A = Elapsed time spent in this place.
 B = Non-inter-level travel time spent in this place.
 C = Inter-level travel time spent in this place.
 D = Time resting spent in this place.
 E = Time spent auto-exploring this place.
 F = Levels seen in this place.
 G = Mean time per level.
                   A        B        C        D        E       F      G
               +--------+--------+--------+--------+--------+-----+--------+
         Total |   4494 |   4249 |    245 |      0 |   3730 |   5 |  898.8 |
       Dungeon |   4494 |   4249 |    245 |      0 |   3730 |   5 |  898.8 |
               +--------+--------+--------+--------+--------+-----+--------+

Top non-repeatable levels by time:
     D:4: 1224 daAuts
     D:3: 1015 daAuts
     D:1: 981 daAuts
     D:2: 909 daAuts
     D:5: 363 daAuts
